 Dungeon Crawl Stone Soup version 0.30.0-10-gfe55d96785 (webtiles) character file.

Game seed: 3004383353207088807

7938 Heoruswealwe the Eclecticist (level 11, 0/54 HPs)
             Began as a Deep Elf Earth Elementalist on May 10, 2023.
             Was a Priest of Vehumet.
             Killed from afar by a gargoyle (18 damage)
             ... with a stone arrow
             ... on level 10 of the Dungeon on May 14, 2023.
             The game lasted 01:20:53 (6625 turns).

Heoruswealwe the Eclecticist (DEEE)                 Turns: 6625, Time: 01:20:57

Health: 0/54       AC:  8    Str:  5    XL:     11   Next: 3%
Magic:  28/32      EV: 12    Int: 25    God:    Vehumet [***...]
Gold:   427        SH:  0    Dex: 15    Spells: 25/41 levels left

rFire   + . .        a - staff of earth
rCold   . . .        (no shield)
rNeg    . . .        c - +2 robe {rF+}
rPois   +            g - +0 helmet
rElec   .            h - +1 cloak {rPois}
rCorr   +            (no gloves)
SInv    .            e - +0 pair of boots
Will    +....        i - amulet of regeneration
Stlth   ++           k - +4 ring of slaying
HPRegen 1.09/turn    j - ring of resist corrosion
MPRegen 0.23/turn

%: no passive effects
@: no status effects
A: no striking features
a: Renounce Religion


You were on level 10 of the Dungeon.
You worshipped Vehumet.
Vehumet was most pleased with you.
You visited 2 branches of the dungeon, and saw 11 of its levels.

You collected 466 gold pieces.
You spent 39 gold pieces at shops.

Inventory:

Hand Weapons
 b - a +5 heavy hand axe
 A - a +3 scimitar of freezing
Armour
 c - a +2 robe of fire resistance (worn)
 d - +0 steam dragon scales
 e - a +0 pair of boots (worn)
 g - a +0 helmet (worn)
 h - a +1 cloak of poison resistance (worn)
 G - a +0 robe of willpower
Magical Staves
 a - a staff of earth (weapon)
Jewellery
 i - an amulet of regeneration (around neck)
 j - a ring of resist corrosion (right hand)
 k - a +4 ring of slaying (left hand)
Wands
 t - a wand of flame (27)
 B - a wand of polymorph (4)
 C - a wand of acid (10)
 F - a wand of charming (32)
Scrolls
 f - a scroll of enchant weapon
 l - a scroll of butterflies
 n - 4 scrolls of amnesia {unknown}
 p - a scroll of magic mapping
 q - a scroll of brand weapon
 r - a scroll of poison
 v - a scroll of enchant armour
 w - 2 scrolls of fog
 D - 2 scrolls of teleportation {unknown}
Potions
 o - 2 potions of attraction {unknown}
 s - 2 potions of magic
 u - a potion of lignification {unknown}
 x - 2 potions of berserk rage {unknown}
 y - 3 potions of curing
 z - a potion of brilliance {unknown}
 H - 2 potions of haste {unknown}
 I - 2 potions of flight {unknown}
 J - a potion of mutation {unknown}


   Skills:
 - Level 2.4 Dodging
 - Level 2.4 Stealth
 + Level 15.6 Spellcasting
 - Level 1.1 Transmutations
 + Level 13.5 Earth Magic


You had 25 spell levels left.
You knew the following spells:

 Your Spells              Type           Power      Damage    Failure   Level
a - Sandblast             Erth           100%       2d20      0%          1
b - Stone Arrow           Conj/Erth      100%       3d13      1%          3
c - Petrify               Tmut/Erth      71%        N/A       1%          4
d - Statue Form           Tmut/Erth      47%        N/A       22%         6
z - Passwall              Tmut/Erth      59%        N/A       1%          2

Your spell library contained the following spells:

 Spells                   Type           Power      Damage    Failure   Level
 Mephitic Cloud           Conj/Pois/Air  19%        N/A       2%          3
 Metabolic Englaciation   Hex/Ice        9%         N/A       58%         5


Dungeon Overview and Level Annotations

Branches:
Dungeon (10/15)            Temple (1/1) D:6            Lair (0/5) D:9
    Orc: D:9-12

Altars:
Ashenzari
Cheibriados
Dithmenos
Elyvilon
Fedhas
Gozag
Hepliaklqana
Kikubaaqudgha
Makhleb
Nemelex Xobeh
Okawaru
Qazlal
Ru
Sif Muna
Trog
Uskayaw
Vehumet
Wu Jian
Xom
Yredelemnul
The Shining One

Shops:
D:3 !


Message History

A troll comes into view.
Found a scroll of enchant armour.
The troll shouts!
A gargoyle comes into view. It is wielding a +0 heavy dire flail.
There is an open door here.
The troll shouts!
You feel a surge of power!
The blast of sand hits the troll!!
The troll is severely wounded.
You feel a surge of power!
The blast of sand hits the troll!
The troll is almost dead.
You feel a surge of power!
The blast of sand misses the troll.
The troll bites you! The troll claws you. The troll barely misses you.
The troll bites you! The troll claws you but does no damage.
The troll claws you!
* * * LOW HITPOINT WARNING * * *
Casting: Sandblast (safe; 0% risk of failure)
Confirm with . or Enter, or press ? or * to list all spells.
Aiming: Sandblast (safe; 0% risk of failure)
Press: ? - help, Shift-Dir - straight line, f/p - troll
Aim: a troll (almost dead, 85% to hit)
You feel a surge of power!
The blast of sand hits the troll!!
You kill the troll!
Vehumet accepts your kill.
You feel your power returning.
The troll leather armour is intact enough to wear.
Press: ? - help, v - describe, . - travel
Here: a gargoyle, wielding a +0 heavy dire flail The floor.
Press: ? - help, v - describe, . - travel The floor, spattered with blood.
Casting: Sandblast (safe; 0% risk of failure)
Confirm with . or Enter, or press ? or * to list all spells.
Aiming: Stone Arrow (safe; 1% risk of failure)
Press: ? - help, Shift-Dir - straight line, f - gargoyle
Aim: a gargoyle, wielding a +0 heavy dire flail (89% to hit)
You feel a surge of power!
The stone arrow hits the gargoyle!
The gargoyle is heavily damaged.
The gargoyle hurls a stone arrow at you.
The stone arrow hits you!!
You die...

?........# .........#
.........# .........#
.........# ##'#
####9.# ###....##
###+### #.@[####
#<..... ###'######
#...... #........#
###...... #......<.#
#.'......
#........####.#......
#........#....#....>.
#........#.####......
#........#.# #......
#........'.# #......


You could see a gargoyle.

Vanquished Creatures
  A two-headed ogre (D:9)
  Maurice (D:8)
  Maggie (D:8)
  A troll (D:10)
  Sigmund (D:3)
  15 yaks
  2 steam dragons
  An ice beast (D:4)
  3 sky beasts
  An orc warrior (D:8)
  3 black bears
  2 ogres
  2 centaurs
  A kobold brigand (D:8)
  Blork the orc (D:4)
  2 bullfrogs
  2 scorpions
  21 wights
  5 killer bees (D:8)
  5 howler monkeys
  4 hounds
  3 jellies (D:7)
  2 gnoll boudas
  2 orc priests
  Crazy Yiuf (D:4)
  5 iguanas
  A sleepcap (D:4)
  9 orc wizards
  9 gnolls
  12 adders
  A white imp (D:7)
  An ufetubus (D:5)
  21 orcs
  4 bats
  5 endoplasms
  3 giant cockroaches
  11 goblins
  2 hobgoblins
  18 jackals
  6 quokkas
  8 ball pythons
  3 frilled lizards
  8 kobolds
  7 rats
217 creatures vanquished.

Notes
Turn   | Place    | Note
-------+----------+-------------------------------------------
     0 | D:1      | Heoruswealwe the Deep Elf Earth Elementalist began the
                  | quest for the Orb.
     0 | D:1      | Reached XP level 1. HP: 10/10 MP: 6/6
   164 | D:1      | Reached XP level 2. HP: 15/15 MP: 3/8
   171 | D:1      | Learned a level 2 spell: Passwall
   701 | D:2      | Reached skill level 4 in Spellcasting
   750 | D:2      | Reached XP level 3. HP: 19/19 MP: 4/10
   754 | D:2      | Learned a level 3 spell: Stone Arrow
  1238 | D:3      | You fall into a shaft and drop 1 floor!
  1263 | D:3      | Found Eruthraag's Distillery.
  1274 | D:3      | Bought a potion of curing for 39 gold pieces
  1290 | D:3      | Reached XP level 4. HP: 24/24 MP: 6/12
  1332 | D:3      | Learned a level 4 spell: Petrify
  1522 | D:3      | Noticed Sigmund
  1528 | D:3      | Killed Sigmund
  1529 | D:3      | Reached skill level 6 in Spellcasting
  1529 | D:3      | Reached skill level 5 in Earth Magic
  1529 | D:3      | Reached XP level 5. HP: 24/28 MP: 8/15
  1603 | D:3      | Noticed an ogre
  1649 | D:3      | Killed an ogre
  1650 | D:3      | Reached XP level 6. HP: 32/32 MP: 7/17
  1749 | D:4      | Found a runed translucent door.
  1750 | D:4      | Noticed Crazy Yiuf
  1755 | D:4      | Killed Crazy Yiuf
  1987 | D:4      | Noticed Blork the orc
  1993 | D:4      | Killed Blork the orc
  1994 | D:4      | Reached skill level 7 in Spellcasting
  2146 | D:4      | Noticed an ice beast
  2173 | D:4      | Killed an ice beast
  2174 | D:4      | Reached XP level 7. HP: 17/36 MP: 8/20
  2520 | D:5      | Entered Level 5 of the Dungeon
  2532 | D:5      | Reached skill level 8 in Spellcasting
  2754 | D:5      | Found a stormy altar of Qazlal.
  2994 | D:6      | Found a staircase to the Ecumenical Temple.
  3005 | D:6      | Reached skill level 9 in Spellcasting
  3007 | D:6      | Reached XP level 8. HP: 41/41 MP: 19/23
  3057 | Temple   | Entered the Ecumenical Temple
  3118 | Temple   | Became a worshipper of Vehumet
  3322 | D:6      | Reached skill level 10 in Spellcasting
  3328 | D:6      | Found a basalt altar of Yredelemnul.
  3437 | D:6      | Upgraded the game from 0.30.0-5-g1a98f26d00 to
                  | 0.30.0-10-gfe55d96785
  3749 | D:5      | Found a burning altar of Makhleb.
  3774 | D:5      | Found an ancient bone altar of Kikubaaqudgha.
  4198 | D:7      | Reached skill level 11 in Spellcasting
  4384 | D:7      | Reached * piety under Vehumet
  4384 | D:7      | Offered knowledge of Freeze by Vehumet.
  4575 | D:7      | Learned a level 6 spell: Statue Form
  4598 | D:7      | Reached XP level 9. HP: 45/45 MP: 23/26
  4708 | D:7      | Reached skill level 10 in Earth Magic
  4983 | D:8      | Reached skill level 12 in Spellcasting
  5265 | D:8      | Reached skill level 13 in Spellcasting
  5266 | D:8      | Found a shimmering altar of Xom.
  5271 | D:8      | Offered knowledge of Shock by Vehumet.
  5273 | D:8      | Reached ** piety under Vehumet
  5343 | D:8      | Noticed Maurice
  5388 | D:8      | Killed Maurice
  5509 | D:8      | Noticed Maggie
  5516 | D:8      | Killed Maggie
  5517 | D:8      | Reached XP level 10. HP: 39/50 MP: 24/29
  6025 | D:9      | Found a staircase to the Lair.
  6099 | D:9      | Offered knowledge of Mephitic Cloud by Vehumet.
  6100 | D:9      | Reached skill level 14 in Spellcasting
  6389 | D:9      | Noticed a two-headed ogre
  6402 | D:9      | Killed a two-headed ogre
  6403 | D:9      | Reached skill level 15 in Spellcasting
  6466 | D:10     | Entered Level 10 of the Dungeon
  6468 | D:10     | Reached *** piety under Vehumet
  6573 | D:10     | Reached XP level 11. HP: 54/54 MP: 28/32
  6625 | D:10     | Killed from afar by a gargoyle

Illustrated notes

Levels and vault maps discovered:
D:1:      minmay_arrival_stone_box, layout_basic
D:2:      layout_rooms
D:3:      layout_basic, serial_shops, shop, uniq_sigmund
D:4:      minmay_bubble_buster, layout_basic, minmay_misc_feat_encased,
          uniq_crazy_yiuf_cottage, uniq_blork_the_orc
D:5:      nicolae_cairo_tiling_large_dashed, layout_gridville,
          nicolae_qazlal_scattered_showers, mainiacjoe_overflow_alcove_1,
          lemuel_doored_altar
D:6:      layout_loops_ring, overflow_temple_1_default, minmay_temple_entry_tees
D:7:      layout_basic
D:8:      layout_loops_ring, overflow_temple_1_default, uniq_maurice,
          uniq_maggie
D:9:      layout_roguey, lair_entry_dummy
D:10:     layout_roguey, zin_angel, uniq_harold
Temple:   nicolae_temple_x_marks_the_god

Skill      XL: |  1  2  3  4  5  6  7  8  9 10 |
---------------+-------------------------------+-----
Spellcasting   | 4 6 7 9 11 13 15 | 15.6
Earth Magic    | 4 5 6 7 9 11 13 | 13.5
Dodging        | |  2.4
Stealth        | |  2.4
Transmutations | |  1.1

Action                     |  1- 3 |  4- 6 |  7- 9 | 10-12 || total
---------------------------+-------+-------+-------+-------++-------
  Melee: Hand axe          |       |     5 |     1 |     2 ||     8
   Cast: Sandblast         |    56 |    55 |   178 |    91 ||   380
         Petrify           |       |     2 |       |       ||     2
         Passwall          |       |     1 |     2 |       ||     3
         Stone Arrow       |       |       |     2 |     1 ||     3
    Use: Scroll            |       |       |     9 |     4 ||    13
         Potion            |       |       |       |     4 ||     4
 Armour: Robe              |     5 |     7 |    20 |    20 ||    52
  Dodge: Dodged            |    11 |    25 |    40 |    21 ||    97
